Map: Kimeran Refuge

Players

FRANKENSTEIN

  • Race: Terran Terran
  • Spawn Location: 12:00

sophsdad

  • Race: Terran Terran
  • Spawn Location: 1:00

JuiceBoxx

  • Race: Terran Terran
  • Spawn Location: 12:00

BerryTogard

  • Race: Terran Terran
  • Spawn Location: 11:00

Fentoyal - Winner!

  • Race: Terran Terran
  • Spawn Location: 7:00

Kanco - Winner!

  • Race: Zerg Zerg
  • Spawn Location: 6:00

juhyg - Winner!

  • Race: Zerg Zerg
  • League: Bronze
  • Spawn Location: 6:00

Cornelius - Winner!

  • Race: Protoss Protoss
  • Spawn Location: 5:00

VOD

Have the link to the VOD?

Description

Time

  • Played on: Nov. 17, 2015, 9 p.m.
  • Length: 8:55
Show
View Real Time Build Order
Export as new Build Order

FRANKENSTEIN Terran 

Build Orders:  

Get SALT Encoding   

  12  0:03  SCV  
  13  0:17  Supply Depot  
  13  0:18  SCV  
  14  0:31  SCV  
  15  0:41  Barracks  
  15  0:47  Refinery  
  15  0:50  Refinery  
  15  0:52  SCV  
  16  1:05  SCV  
  17  1:19  SCV  
  18  1:31  Reaper  
  19  1:33  Orbital Command  
  19  1:58  Factory, SCV  
  20  2:06  Supply Depot  
  20  2:20  Ghost Academy  
  20  2:39  SCV  
  21  2:46  Factory Tech Lab  
  20  3:10  Barracks Tech Lab, Siege Tank  
  23  3:15  Personal Cloaking  
  23  3:18  Starport  
  23  3:29  Ghost Academy  
  23  3:32  SCV  
  24  3:45  SCV  
  24  3:53  Siege Tank  
  27  3:57  SCV  
  28  4:09  SCV  
  29  4:12  Nuke  
  29  4:21  SCV  
  30  4:42  Siege Tank  
  30  4:47  Reaper  
Show
View Real Time Build Order
Export as new Build Order

sophsdad Terran 

Build Orders:  

Get SALT Encoding   

  12  0:04  SCV  
  13  0:21  SCV  
  14  0:31  Supply Depot  
  14  0:33  SCV  
  15  0:53  SCV  
  16  0:57  Barracks  
  16  1:04  Supply Depot  
  16  1:05  SCV  
  17  1:16  Refinery  
  17  1:17  SCV  
  18  1:22  Refinery  
  18  1:29  SCV  
  19  1:36  Supply Depot  
  19  1:41  SCV  
  19  1:47  Marine  
  20  1:53  SCV  
  22  2:04  Marine  
  22  2:05  SCV  
  24  2:15  Barracks  
  24  2:17  SCV  
  25  2:26  Barracks  
  25  2:56  Marine  
  26  3:09  Factory, Marine  
  27  3:14  Marine  
  28  3:22  Marine  
  29  3:27  Marine  
  29  3:32  Marine  
  31  3:40  Marine  
  32  3:45  Marine  
  33  3:50  Marine  
  34  3:58  Marine  
  34  4:02  Supply Depot  
  35  4:03  Marine  
  35  4:05  Starport  
  35  4:07  Marine  
  37  4:16  Marine  
  38  4:20  Marine  
  38  4:24  Hellion  
  41  4:25  Marine  
  42  4:33  Marine  
  42  4:36  Supply Depot  
  43  4:38  Marine  
  43  4:43  Marine  
  43  4:45  Hellion  
  47  4:57  Marine x2  
  49  5:01  Marine  
  49  5:06  Hellion  
  52  5:28  Hellion  
  54  5:35  Marine  
  55  5:37  Starport Tech Lab, Marine x2  
  34  5:52  Marine  
  34  5:55  Marine  
    8:32  SCV  
Show
View Real Time Build Order
Export as new Build Order

JuiceBoxx Terran 

Build Orders:  

Get SALT Encoding   

  12  0:03  SCV  
  13  0:15  SCV  
  14  0:27  SCV  
  15  0:33  Supply Depot  
  15  0:50  Refinery  
  15  0:55  SCV  
  16  0:58  Barracks  
  16  1:07  SCV  
  16  1:09  Refinery  
  17  1:19  SCV  
  18  1:31  SCV  
  19  1:43  SCV  
  20  1:55  SCV  
  21  2:04  Factory  
  21  2:09  Orbital Command  
  21  2:22  Supply Depot  
  21  2:43  Barracks Reactor  
  21  2:50  Supply Depot  
  21  2:59  Starport  
  21  3:07  Factory Tech Lab  
  21  3:17  SCV  
  21  3:18  Barracks  
  22  3:22  Command Center  
  22  3:30  SCV  
  23  3:46  Hellion  
  25  3:49  Starport Tech Lab  
  25  3:55  Starport  
  25  4:04  Armory  
  25  4:07  Marine x2, Hellion  
  29  4:13  Infernal Pre-Igniter  
  29  4:18  Barracks Tech Lab  
  29  4:25  Marine  
  29  4:26  Fusion Core  
  29  4:31  Marine  
  31  4:42  Marine  
  31  4:45  Starport  
  32  4:48  Starport Reactor  
  32  4:49  Marine  
  33  5:00  Marine  
  33  5:07  Marine  
  35  5:15  Terran Vehicle Weapons Level 1  
  35  5:18  Marine  
  36  5:24  Marine  
  37  5:29  Starport Reactor  
  37  5:31  Mag-Field Accelerator  
  37  5:38  Command Center  
  37  5:45  Liberator  
  36  5:51  Liberator  
  36  5:53  Liberator  
  36  5:59  Engineering Bay  
  37  6:28  Liberator  
  37  6:35  Liberator  
  39  7:58  SCV  
  40  8:11  SCV  
  41  8:23  SCV  
  42  8:35  SCV  
Show
View Real Time Build Order
Export as new Build Order

BerryTogard Terran 

Build Orders:  

Get SALT Encoding   

  12  0:01  SCV  
  13  0:14  SCV  
  14  0:18  Supply Depot  
  14  0:26  SCV  
  15  0:41  Barracks  
  15  0:44  SCV  
  16  0:56  SCV  
  17  1:04  Refinery  
  17  1:08  SCV  
  18  1:28  Barracks  
  18  1:30  Marine  
  18  1:32  Orbital Command  
  19  1:43  Supply Depot  
  19  1:48  Marine  
  20  1:58  Refinery  
  20  2:06  Marine  
  21  2:13  Command Center  
  21  2:18  Barracks Tech Lab  
  21  2:34  Barracks Reactor  
  21  2:38  SCV  
  22  2:48  Factory  
  22  2:50  SCV  
  23  2:59  Marine  
  23  3:02  SCV  
  25  3:12  Combat Shields  
  25  3:15  Marine x2, SCV  
  25  3:16  Marine  
  29  3:21  Supply Depot  
  30  3:27  SCV  
  30  3:29  Orbital Command  
  30  3:32  Marine  
  30  3:33  Marine  
  32  3:34  Marine, Factory Tech Lab  
  33  3:50  Marine  
  33  3:52  Marine  
  33  3:55  Siege Tank  
  38  4:04  Marine  
  38  4:08  Marine  
  40  4:10  Marine, SCV x2  
  40  4:15  Engineering Bay  
  43  4:17  Supply Depot  
  43  4:22  SCV x2  
  45  4:27  Siege Tank  
  45  4:34  SCV  
  45  4:36  Marine x2  
  45  4:37  Marine  
  33  4:54  Marine x3  
  28  5:04  Siege Tank  
  24  5:12  Marine x3  
  23  5:30  Marine x3  
  26  5:45  Siege Tank  
  26  5:47  Marine  
  26  5:48  Marine x2  
  26  5:49  SCV x2  
  34  6:01  SCV x2  
  32  6:05  Marine x2  
  32  6:06  Marine  
  35  6:13  SCV x2  
  37  6:23  Marine x2  
  37  6:24  Marine  
  40  6:29  Siege Tank  
  43  6:41  Marine  
  40  6:54  Marine x2  
  26  6:59  Marine  
  24  7:09  Factory Tech Lab  
  24  7:11  Marine  
  24  7:12  Marine  
  24  7:15  Missile Turret  
  26  7:17  Marine  
  26  7:18  Missile Turret  
  26  7:21  Factory  
  27  7:24  Barracks  
  27  7:29  Marine x2  
  28  7:34  Marine  
  30  7:47  Marine x2  
  32  7:51  Siege Tank  
  32  7:52  Marine  
  36  8:05  Marine x2  
  30  8:10  Marine  
Show
View Real Time Build Order
Export as new Build Order

Fentoyal Terran - Winner!

Build Orders:  

Get SALT Encoding   

  12  0:02  SCV  
  13  0:14  SCV  
  14  0:23  Supply Depot  
  15  0:28  SCV  
  15  0:44  SCV  
  15  0:47  Barracks  
  16  0:50  Refinery  
  16  0:56  SCV  
  17  1:08  SCV  
  18  1:21  SCV  
  18  1:22  Barracks  
  19  1:33  SCV  
  19  1:37  Reaper  
  21  1:46  Orbital Command  
  21  1:50  Supply Depot  
  21  2:10  Reaper  
  21  2:12  Reaper  
  23  2:20  Command Center  
  23  2:26  SCV  
  25  2:44  Reaper  
  25  2:47  SCV  
  26  3:00  SCV  
  26  3:02  Reaper  
  28  3:12  SCV  
  29  3:17  Barracks  
  29  3:28  SCV  
  30  3:40  SCV  
  30  3:50  Orbital Command, Reaper  
  30  3:55  Factory  
  30  4:09  SCV  
  31  4:12  Refinery  
  31  4:21  SCV  
  32  4:39  Reaper x2  
  34  4:54  Orbital Command  
  34  4:59  SCV  
  35  5:11  Marine x2, SCV  
  36  5:24  SCV  
  36  5:29  Reaper  
  36  5:30  Supply Depot, Factory Tech Lab  
  36  5:33  Command Center, Supply Depot  
  37  5:36  SCV  
  38  5:48  SCV x2  
  40  5:51  Barracks Tech Lab  
  40  5:54  Supply Depot  
  40  5:56  Barracks Tech Lab  
  40  6:00  SCV x2  
  40  6:12  SCV x2  
  40  6:13  Marine x2  
  40  6:14  Combat Shields  
  40  6:16  Siege Tank  
  47  6:19  Barracks  
  47  6:21  Marine  
  47  6:22  Supply Depot  
  47  6:24  SCV x2  
  50  6:31  Marine x2  
  52  6:36  SCV x2  
  53  6:43  Refinery  
  53  6:45  Marine  
  53  6:46  Refinery  
  54  6:47  Orbital Command  
  54  6:48  Starport, SCV x2  
  54  6:49  Marine  
  54  6:50  Marauder  
  54  6:51  Supply Depot  
  59  7:00  SCV x2  
  61  7:02  Command Center  
  61  7:03  Marauder  
  61  7:04  Supply Depot  
  61  7:07  Marine  
  61  7:08  Engineering Bay  
  64  7:11  Marauder  
  64  7:12  SCV  
  64  7:13  SCV  
  64  7:15  Engineering Bay, SCV  
  69  7:17  Siege Tank  
  69  7:18  Barracks Reactor  
  69  7:20  Engineering Bay  
  72  7:24  Marine  
  72  7:25  SCV x2  
  75  7:30  Supply Depot  
  75  7:31  Marine  
  75  7:32  Marine  
  75  7:33  Starport Reactor  
  75  7:37  SCV  
  79  7:42  Marine  
  79  7:51  Marine  
  79  7:52  Marauder  
  82  8:00  Marauder  
  82  8:01  Supply Depot x2  
  84  8:05  Armory  
  84  8:07  Supply Depot  
  84  8:08  Orbital Command  
  84  8:09  Marine  
  85  8:12  Marine  
  85  8:15  SCV x2  
  85  8:18  Orbital Command  
  88  8:21  Marine x3  
  94  8:27  Marine, SCV x2  
  94  8:30  Marine  
  94  8:32  Refinery  
  97  8:35  Refinery  
  97  8:37  Supply Depot  
  97  8:39  SCV  
  97  8:41  SCV x2  
  102  8:46  Missile Turret  
  102  8:47  Refinery  
  102  8:48  Missile Turret  
  102  8:52  Starport  
Show
View Real Time Build Order
Export as new Build Order

Kanco Zerg - Winner!

Build Orders: Hatch First 

Get SALT Encoding   

  12  0:01  Drone  
  13  0:10  Drone  
  14  0:22  Drone, Extractor  
  14  0:43  Hatchery  
  14  0:47  Drone  
  14  0:53  Overlord  
  14  0:59  Drone, Extractor  
  15  1:08  Overlord  
  15  1:11  Drone  
  16  1:20  Drone  
  17  1:35  Drone  
  17  1:38  Spawning Pool  
  17  1:46  Drone  
  18  1:55  Drone  
  19  2:07  Drone  
  20  2:13  Drone  
  21  2:25  Zergling x6  
  21  2:26  Zergling x2  
  21  2:27  Queen  
  21  2:28  Queen  
  29  2:34  Zergling x2  
  29  2:36  Zergling x2  
  31  2:42  Zergling x2  
  32  2:48  Zergling x2  
  32  2:49  Drone  
  34  2:51  Metabolic Boost  
  34  2:59  Drone  
  34  3:04  Lair  
  35  3:10  Baneling Nest  
  35  3:11  Extractor  
  33  3:13  Drone  
  33  3:15  Drone  
  33  3:18  Drone  
  36  3:48  Overlord  
  36  3:49  Overlord x2  
  36  4:11  Baneling x4  
  36  4:12  Baneling x2  
  36  4:13  Zergling x14  
  42  4:35  Zergling x12  
  43  4:50  Baneling  
  39  5:12  Zergling x2  
  39  5:13  Zergling x14  
  43  5:40  Drone x4  
  43  5:41  Drone  
  47  5:47  Centrifical Hooks  
  47  5:53  Roach Warren  
  40  6:06  Baneling x4  
  40  6:07  Baneling x3  
  40  6:08  Baneling x2  
  40  6:13  Drone  
  40  6:14  Drone x4  
  40  6:16  Extractor x2  
  43  6:20  Drone x5  
  43  6:21  Drone  
  43  6:23  Infestation Pit  
  40  7:00  Zergling x16  
  40  7:01  Zergling x6  
  51  7:17  Zergling x2  
  51  7:18  Zergling x2  
  53  7:29  Hatchery, Hive  
  52  7:30  Glial Reconstitution  
  46  7:55  Baneling x5  
  45  8:29  Drone x7  
  52  8:38  Spire  
  52  8:39  Drone  
Show
View Real Time Build Order
Export as new Build Order

juhyg Zerg - Winner!

Build Orders: Pool First 

Get SALT Encoding   

  12  0:21  Spawning Pool  
  11  0:30  Overlord  
  11  0:34  Drone  
  12  0:35  Drone  
  13  0:48  Drone  
  14  0:53  Drone, Extractor  
  14  1:12  Drone  
  14  1:13  Queen  
  17  1:20  Drone  
  17  1:25  Drone  
  19  1:36  Drone  
  20  1:48  Drone  
  21  2:11  Hatchery  
  20  2:29  Drone x2  
  22  2:30  Overlord  
  22  2:31  Overlord x3  
  22  2:48  Queen  
  24  3:03  Drone x2  
  24  3:04  Drone x2  
  28  3:07  Metabolic Boost  
  28  3:22  Drone  
  28  3:24  Drone  
  30  3:40  Roach Warren  
  29  3:44  Extractor  
  28  3:48  Lair  
  28  3:55  Zergling x10  
  33  3:56  Zergling x2  
  34  4:36  Roach x2  
  34  4:37  Roach x6  
  34  4:38  Roach x4  
  58  4:39  Overlord  
  58  5:01  Roach x2  
  58  5:02  Roach x2  
  64  5:39  Hatchery  
  57  6:04  Queen  
  59  6:12  Infestation Pit, Roach  
  59  6:13  Roach x4  
  46  6:56  Roach  
  46  6:57  Roach x6  
  46  6:58  Roach x6  
  46  6:59  Overlord, Roach x3  
  70  7:23  Hive  
  70  7:35  Roach  
  70  7:36  Roach  
  74  7:42  Drone x2  
  74  7:43  Drone x4  
  81  7:44  Drone  
  82  8:51  Extractor  
Show
View Real Time Build Order
Export as new Build Order

Cornelius Protoss - Winner!

Build Orders: Oracle Opening 

Get SALT Encoding   

  12  0:03  Probe (Chrono Boost)  
  13  0:13  Probe (Chrono Boost)  
  14  0:25  Pylon  
  14  0:35  Probe (Chrono Boost)  
  15  0:46  Probe (Chrono Boost)  
  16  0:53  Assimilator, Gateway  
  16  1:00  Assimilator  
  16  1:01  Probe (Chrono Boost)  
  17  1:14  Probe (Chrono Boost)  
  18  1:25  Probe (Chrono Boost)  
  19  1:29  Pylon  
  19  1:43  Cybernetics Core  
  19  1:47  Probe (Chrono Boost)  
  20  1:58  Probe (Chrono Boost)  
  21  2:08  Probe (Chrono Boost)  
  22  2:19  Probe (Chrono Boost)  
  22  2:20  Stargate  
  23  2:26  Stargate  
  23  2:37  Forge  
  23  2:40  Pylon  
  23  2:42  Probe (Chrono Boost)  
  24  2:53  Probe (Chrono Boost)  
  25  3:04  Oracle (Chrono Boost)  
  28  3:21  Oracle (Chrono Boost)  
  31  3:27  Photon Cannon  
  31  3:35  Photon Cannon  
  31  3:48  Nexus  
  31  3:49  Oracle (Chrono Boost)  
  34  3:55  Pylon  
  34  3:59  Pylon  
  34  4:16  Oracle (Chrono Boost)  
  37  4:37  Protoss Air Weapons Level 1 (Chrono Boost)  
  37  4:39  Photon Cannon  
  37  4:43  Photon Cannon  
  37  4:45  Assimilator  
  37  4:51  Assimilator  
  37  5:01  Probe  
  38  5:12  Void Ray, Probe  
  43  5:22  Probe  
  44  5:30  Void Ray  
  44  5:32  Probe  
  44  5:33  Probe  
  50  5:44  Probe  
  51  6:02  Void Ray  
  55  6:13  Void Ray (Chrono Boost)  
  59  6:39  Probe  
  64  6:49  Void Ray (Chrono Boost), Probe  
  65  6:56  Void Ray (Chrono Boost)  
  65  7:00  Probe  
  70  7:22  Pylon  
  70  7:24  Pylon  
  70  7:26  Pylon  
  70  7:38  Pylon, Probe  
  70  7:39  Void Ray  
  70  7:42  Void Ray  
  79  7:49  Probe  
Tags
 
Add a new tag
Caveats
  • Supply blocks, unpowered buildings, or Contaminate may cause inaccurate times.
  • Supply counts are checked every 10 seconds.